AoeStats
← Tetsu.Japan

Nomad

505693221Analyzed
4v4 RM · 22d ago on Sep 10, 2026· 45m 23s· 8 players
Game mode
Random Map
Map size
231×231
Population
200
Speed
Normal
Resources
Standard
Victory
Conquest
Starting age
Dark Age
Ending age
Imperial Age
RankedLock teamsTeams togetherTeam positionsShared explorationLock speedFull tech treeHidden civsTurbo modeCheats
Victory
Defeat
🇲🇽 Mongols · Mexico
1523
+15
🇸🇬 Vikings · Singapore
1483
+16
🇮🇳 Chinese · India
1478
+16
🇹🇷 Teutons · Türkiye
1441
+18
🇯🇵 Saracens · Japan
1724
-24
🇯🇵 Italians · Japan
1567
-20
🇯🇵 Dravidians · Japan
1377
-12
🇯🇵 Persians · Japan
1287
-9
anirone7589
13:08 Feudal Age
13:44 Double-Bit Axe
14:41 Loom
17:04 Fishing Lines
21:18 Castle Age
22:12 Medium Warships
23:09 Bow Saw
35:50 Town Watch
39:02 Imperial Age
43:22 Horse Collar
45:40 Chemistry
45:15 Masonry
FreakinGorkha
3:17 Loom
14:07 Feudal Age
15:26 Double-Bit Axe
16:13 Fletching
16:35 Town Watch
17:25 Wheelbarrow
22:16 Castle Age
21:49 Fishing Lines
23:42 Scale Mail Armor
36:01 Horse Collar
36:32 Bow Saw
37:53 Bodkin Arrow
37:35 Elite Skirmisher
38:43 Heavy Plow
40:26 Chain Mail Armor
41:53 Forging
42:41 Gold Mining
42:41 Stone Mining
43:42 Padded Archer Armor
44:37 Iron Casting
45:17 Squires
Anatoly
9:14 Loom
12:36 Feudal Age
16:21 Fletching
[KOF] santander
4:19 Loom
12:57 Feudal Age
18:27 Castle Age
16:40 Double-Bit Axe
17:02 Fishing Lines
17:39 Gold Mining
18:11 Stone Mining
18:17 Fletching
18:29 Padded Archer Armor
19:38 Bow Saw
19:46 Gillnets
21:21 Wheelbarrow
22:54 Gold Shaft Mining
23:08 Hand Cart
24:33 Horse Collar
25:41 Ballistics
25:26 Bodkin Arrow
31:17 Imperial Age
30:46 Leather Archer Armor
31:49 Bloodlines
31:40 Husbandry
31:47 Thumb Ring
33:06 Chemistry
32:09 Bracer
32:57 Parthian Tactics
35:14 Conscription
35:09 Scale Barding Armor
35:15 Forging
35:08 Town Watch
36:17 Siege Engineers
36:54 Stone Shaft Mining
38:17 Elite Mangudai
41:57 Coinage
41:50 Chain Barding Armor
42:06 Iron Casting
yu_k1
5:01 Loom
12:00 Feudal Age
12:32 Double-Bit Axe
16:48 Town Watch
17:38 Wheelbarrow
17:49 Fletching
24:11 Castle Age
24:50 Bodkin Arrow
25:54 Medium Warships
29:12 Ballistics
30:12 Clinker Construction
30:51 Fishing Lines
32:05 Careening
33:07 Gold Mining
37:00 Imperial Age
37:59 Bracer
39:32 Padded Archer Armor
42:09 Chemistry
43:06 Leather Archer Armor
43:41 Crossbowman
HAMADY
10:43 Loom
13:14 Feudal Age
13:35 Man-at-Arms
18:56 Fletching
27:35 Castle Age
28:29 Bodkin Arrow
32:55 Thumb Ring
35:33 Padded Archer Armor
40:02 Husbandry
40:20 Leather Archer Armor
47:43 Imperial Age
Tetsu.Japan
4:14 Loom
14:07 Feudal Age
14:59 Double-Bit Axe
19:02 Horse Collar
19:46 Fletching
28:02 Castle Age
34:07 Wheelbarrow
36:24 Town Watch
44:35 Bodkin Arrow
happikon.6139
4:37 Loom
13:02 Feudal Age
17:07 Castle Age
16:46 Double-Bit Axe
18:19 Bow Saw
19:17 Horse Collar
23:20 Wheelbarrow
29:29 Town Watch
30:54 Redemption
33:45 Heavy Plow
35:22 Gold Mining
38:39 Imperial Age
36:15 Scale Barding Armor
36:55 Gold Shaft Mining
37:09 Bloodlines
37:00 Husbandry
37:47 Coinage
37:48 Chain Barding Armor
38:42 Hand Cart
39:12 Heavy Camel Rider
40:08 Forging
40:34 Plate Barding Armor
39:31 Light Cavalry
41:04 Heavy Camel Rider
42:56 Chemistry
41:57 Padded Archer Armor
42:34 Iron Casting
43:03 Leather Archer Armor
45:08 Blast Furnace
44:39 Ring Archer Armor
44:33 Ballistics
44:13 Stone Mining
Connection lost

Rejoining the realm…

Still unreachable

The connection could not be restored.

Session expired

The server has moved on; the page needs a fresh start.